 Dungeon Crawl Stone Soup version 0.29.0-15-g675c0067aa (webtiles) character file.

Game seed: 17953818236711046539

82 qw the Chopper (level 4, 0/28 HPs)
             Began as a Gargoyle Fighter on Sept 11, 2022.
             Killed by nerve-wracking pain
             ... invoked by an orc priest
              (6 damage)
             ... on level 3 of the Dungeon.
             The game lasted 00:00:45 (2605 turns).

qw the Chopper (Gargoyle Fighter)                   Turns: 2605, Time: 00:00:46

Health: 0/28       AC: 18    Str: 21    XL:     4   Next: 43%
Magic:  4/4        EV:  5    Int:  9    God:
Gold:   136        SH:  4    Dex:  9    Spells: 3/3 levels left

rFire   . . .      SeeInvis .   Y - +0 war axe
rCold   + . .      Faith    .   c - +0 buckler
rNeg    + . .      Spirit   .   k - +0 plate armour
rPois   inf        Reflect  .   n - +2 helmet
rElec   +          Harm     .   (no cloak)
rCorr   .          Rampage  .   (no gloves)
Will    .....                   (no boots)
Stlth   ..........              (no amulet)
HPRegen 0.09/turn               j - ring of protection from cold
MPRegen 0.09/turn               (no ring)

@: no status effects
A: sickness immunity, AC +3, negative energy resistance 1, electricity
resistance, torment resistance 1, petrification resistance
a: no special abilities


You were on level 3 of the Dungeon.
You visited 1 branch of the dungeon, and saw 3 of its levels.

You collected 136 gold pieces.


Innate Abilities, Weirdness & Mutations

You are immune to sickness and miasma.
Your stone body is resilient. (AC +3)
You are immune to poison.
You resist negative energy. (rN+)
You are resistant to electric shocks. (rElec)
You are resistant to unholy torment.
You are immune to petrification.


   Skills:
 - Level 3.2 Fighting
 - Level 4.0 Axes
 + Level 0.6 Throwing
 - Level 3.2 Armour
 - Level 3.2 Shields


You had 3 spell levels left.
You didn't know any spells.
Your spell library was empty.

Inventory:

Hand Weapons
 h - a +0 whip
 Y - a +0 war axe (weapon)
Missiles
 b - a javelin (quivered)
Armour
 c - a +0 buckler (worn)
 k - a +0 plate armour (worn)
 n - a +2 helmet (worn)
Jewellery
 j - a ring of protection from cold (left hand)
Scrolls
 f - 6 scrolls of identify
Potions
 a - a potion of flight {unknown}
 d - a potion of might
 g - a potion of curing {unknown}
 i - a potion of cancellation {unknown}
 m - 2 potions of degeneration {unknown}

Dungeon Overview and Level Annotations

Branches:
Dungeon (3/15)

Altars:

Annotations:
D:2 1 runed translucent door, Crazy Yiuf


Message History

The orc hits you but does no damage.
The endoplasm quivers.
You hit the orc but do no damage.
The orc is heavily wounded.
The orc hits you but does no damage.
The orc priest calls upon Beogh to heal the orc.
The orc's wounds heal themselves!
You slash the orc!
You kill the orc!
The orc priest hits you from afar with a +0 trident.
The orc priest hits you from afar with a +0 trident!
You completely miss the orc. The orc priest barely misses you.
The orc hits you but does no damage.
You slash the orc!
You kill the orc!
The orc priest hits you but does no damage.
The orc priest looks satisfied for a moment.
Items here: % )) [.
You closely miss the orc priest.
The endoplasm jiggles.
The orc priest hits you but does no damage.
The endoplasm hits you but does no damage.
The orc priest hits you with a +0 trident.
You hit the orc priest.
The orc priest is lightly wounded.
You slash the endoplasm!
You kill the endoplasm!
The orc priest hits you with a +0 trident.
You barely miss the orc priest.
The orc priest is lightly wounded.
The orc priest hits you with a +0 trident.
You closely miss the orc priest.
The orc priest is lightly wounded.
The orc priest barely misses you.
The orc priest hits you but does no damage.
You hit the orc priest.
The orc priest is heavily wounded.
The orc priest calls down the wrath of Beogh upon you.
Pain shoots through your body!
You die...

...# #....# ..(# #.######
... #....... ##.. #..##.##
## #.< #######..##.##
....###)#####...........##
#...........#####..#####
#.###.#######......#####
#..@...##.####......
#..$o.)#.# #######
#.#.##.# # #.#....# .
...... ....).....
.##..((....# ##.......#


You could see an orc priest.

Vanquished Creatures
  Robin (D:2)
  An adder (D:2)
  An adder skeleton (D:2)
  2 worms (D:2)
  A dart slug (D:2)
  4 orcs (D:3)
  A ball python (D:2)
  2 bat zombies (D:2)
  5 endoplasms
  11 goblins
  4 hobgoblins
  2 kobolds
  A quokka (D:1)
  A ball python zombie (D:2)
  2 bats (D:1)
  2 frilled lizards (D:1)
  A jackal zombie (D:2)
  3 rats
45 creatures vanquished.

Notes
Turn   | Place    | Note
-------+----------+-------------------------------------------
     0 | D:1      | qw the Gargoyle Fighter began the quest for the Orb.
     0 | D:1      | Reached XP level 1. HP: 14/14 MP: 1/1
     0 | D:1      | 0 ||| qw: Version: 0.1-a-119-g272c26d
     0 | D:1      | 0 ||| qw: Game counter: 10730
     0 | D:1      | 0 ||| qw: Always use a shield: true
     0 | D:1      | 0 ||| qw: God list: Okawaru
     0 | D:1      | 0 ||| qw: Allow faded altars: false
     0 | D:1      | 0 ||| qw: Do Orc after D:15 true
     0 | D:1      | 0 ||| qw: Do second Lair branch before Depths: true
     0 | D:1      | 0 ||| qw: Lair rune preference: random
     0 | D:1      | 0 ||| qw: Plans: Normal, Zot, God:TSO, Crypt, Tomb, Pan,
                  | Slime, Hells, Zig, Abyss, Orb
     0 | D:1      | 0 ||| PLANNING D:1-11
    71 | D:1      | Reached skill level 2 in Axes
   475 | D:1      | You fall into a shaft and drop 1 floor!
   510 | D:2      | Reached XP level 2. HP: 15/19 MP: 2/2
   597 | D:1      | 597 ||| DROPPING +0 club.
  1252 | D:1      | 1252 ||| UPGRADING to ring of protection from cold.
  1253 | D:1      | 1253 ||| READING scroll labelled HUWACI ZYQEAHAV.
  1254 | D:1      | 1254 ||| READING scroll labelled ROKOPS POYQU.
  1255 | D:1      | 1255 ||| READING scroll labelled SEINEAPUPP.
  1256 | D:1      | 1256 ||| READING scroll labelled APTOEHAPEOMN.
  1257 | D:1      | 1257 ||| READING scroll labelled DUINAA TAZIAG.
  1514 | D:2      | Reached skill level 3 in Axes
  1572 | D:2      | Reached XP level 3. HP: 23/23 MP: 3/3
  1579 | D:2      | 1579 ||| Stepping ~*~*~tactically~*~*~ (stealth).
  1709 | D:2      | 1709 ||| Stepping ~*~*~tactically~*~*~ (hiding).
  1710 | D:2      | 1710 ||| Stepping ~*~*~tactically~*~*~ (hiding).
  1931 | D:2      | 1931 ||| Stepping ~*~*~tactically~*~*~ (stealth).
  1942 | D:2      | 1942 ||| Stepping ~*~*~tactically~*~*~ (stealth).
  1945 | D:2      | 1945 ||| Stepping ~*~*~tactically~*~*~ (stealth).
  2059 | D:2      | 2059 ||| Stepping ~*~*~tactically~*~*~ (stealth).
  2061 | D:2      | 2061 ||| Stepping ~*~*~tactically~*~*~ (stealth).
  2064 | D:2      | 2064 ||| Stepping ~*~*~tactically~*~*~ (stealth).
  2082 | D:2      | Noticed Robin
  2083 | D:2      | 2083 ||| Stepping ~*~*~tactically~*~*~ (hiding).
  2100 | D:2      | Killed Robin
  2101 | D:2      | Reached XP level 4. HP: 17/28 MP: 4/4
  2118 | D:2      | 2118 ||| FLEEEEING.
  2119 | D:2      | 2119 ||| FLEEEEING.
  2233 | D:2      | Reached skill level 4 in Axes
  2400 | D:2      | Found a runed translucent door.
  2401 | D:2      | Noticed Crazy Yiuf
  2404 | D:2      | 2404 ||| UPGRADING to +0 plate armour.
  2414 | D:2      | 2414 ||| DROPPING +0 scale mail.
  2415 | D:2      | 2415 ||| UPGRADING to +2 helmet.
  2420 | D:2      | 2420 ||| READING scroll labelled CALA ICAHAAK.
  2421 | D:2      | 2421 ||| READING scroll labelled YDOR JUFYRUNYSS.
  2586 | D:3      | 2586 ||| Stepping ~*~*~tactically~*~*~ (stealth).
  2588 | D:3      | 2588 ||| Stepping ~*~*~tactically~*~*~ (stealth).
  2590 | D:3      | 2590 ||| Stepping ~*~*~tactically~*~*~ (stealth).
  2602 | D:3      | HP: 6/28 [orc priest/+0 trident (3)]
  2605 | D:3      | Killed from afar by an orc priest

Levels and vault maps discovered:
D:1:      matt_arrival_refuge, layout_loops_corners
D:2:      layout_loops_ring, serial_undead, serial_undead_d, serial_undead_c,
          serial_undead_c, serial_undead_c, serial_undead_e, serial_undead_b,
          uniq_robin, uniq_crazy_yiuf_cottage
D:3:      layout_loops_cross, lemuel_round_altar,
          hellmonk_ecumenical_altar_blasted

Skill      XL: |  1  2  3  4 |
---------------+-------------+-----
Axes           | 2 3 4 |  4.0
Fighting       | |  3.2
Throwing       | |  0.6
Armour         | |  3.2
Shields        | |  3.2

Action                   |  1- 3 |  4- 6 || total
-------------------------+-------+-------++-------
Melee: War axe           |   107 |    25 ||   132
Throw: Javelin           |       |     4 ||     4
  Use: Scroll            |     5 |     2 ||     7
Armor: Scale mail        |    52 |     1 ||    53
       Plate armour      |       |    15 ||    15
Dodge: Dodged            |    36 |     4 ||    40
Block: Buckler           |    19 |     1 ||    20

Table legend:
 A = Non-vault XP
 B = Vault XP
 C = Vault XP percentage of total XP
 D = Non-vault monster count
 E = Vault monster count
 F = Vault count percentage of total count
                 A         B        C        D         E       F
            +---------+---------+-------+---------+---------+-------
      Total |      72 |      46 |  39.0 |      28 |      17 |  37.8
            +---------+---------+-------+---------+---------+-------
        D:1 |      13 |       0 |   0.0 |       9 |       0 |   0.0
        D:2 |      40 |      46 |  53.5 |      11 |      17 |  60.7
        D:3 |      19 |       0 |   0.0 |       8 |       0 |   0.0
            +---------+---------+-------+---------+---------+-------
